 Dungeon Crawl Stone Soup version 0.31-a0-152-g6aa68a64a1 (webtiles) character file.

Game seed: 3453031478732368573

165 qw the Shooter (level 5, 0/49 HPs)
             Began as a Naga Hunter on June 11, 2023.
             Slain by Grinder (2 damage)
             ... on level 3 of the Dungeon.
             The game lasted 00:00:46 (1733 turns).

qw the Shooter (Naga Hunter)                        Turns: 1733, Time: 00:00:47

Health: 0/49       AC:  4    Str: 13    XL:     5   Next: 46%
Magic:  5/5        EV: 10    Int: 10    God:
Gold:   161        SH:  0    Dex: 16    Spells: 4/4 levels left

rFire   . . .        Y - +0 shortbow
rCold   . . .        (shield currently unavailable)
rNeg    + . .        b - +2 robe {rN+}
rPois   +            (no helmet)
rElec   .            (no cloak)
rCorr   .            (no gloves)
SInv    +            (no barding)
Will    .....        (no amulet)
Stlth   ++           (no ring)
HPRegen 0.28/turn    (no ring)
MPRegen 0.09/turn

%: no passive effects
@: very slow
A: AC +1, large, see invisible, deformed body, poison resistance, slowness 2,
spit poison 1, naga tail 1
a: Spit Poison


You were on level 3 of the Dungeon.
You visited 1 branch of the dungeon, and saw 3 of its levels.

You collected 161 gold pieces.


Innate Abilities, Weirdness & Mutations

Your serpentine skin is tough. (AC +1)
You have supernaturally acute eyesight. (SInv)
Armour fits poorly on your strangely shaped body.
Your system is resistant to poisons. (rPois)
You cover ground very slowly.
You can spit poison.
You have a snake-like lower body.


   Skills:
 - Level 3.0 Fighting
 + Level 5.5 Ranged Weapons
 - Level 1.5 Dodging
 - Level 1.5 Stealth


You had 4 spell levels left.
You didn't know any spells.
Your spell library was empty.

Inventory:

Hand Weapons
 Y - a +0 shortbow (weapon)
Armour
 b - a +2 robe of positive energy (worn)
 h - a +2 leather armour of fire resistance
Scrolls
 d - a scroll of enchant armour {unknown}
 g - a scroll of identify
Potions
 a - 2 potions of haste {unknown}
 c - a potion of might {unknown}
 e - a potion of mutation {unknown}
 f - a potion of attraction {unknown}

Dungeon Overview and Level Annotations

Branches:
Dungeon (3/15)

Altars:

Annotations:
D:3 2 transporters, Grinder


Message History

Grinder closely misses you.
You shoot an arrow.
The arrow hits Grinder but does no damage.
Grinder is moderately wounded.
Grinder hits you but does no damage.
You shoot an arrow. The arrow hits Grinder.
Grinder is heavily wounded.
Grinder hits you.
You writhe in agony.
You shoot an arrow. The arrow closely misses Grinder.
The arrow closely misses the ball python.
Grinder closely misses you.
You shoot an arrow. The arrow closely misses Grinder.
The arrow hits the ball python.
The ball python is moderately wounded.
Grinder hits you. Grinder hits you but does no damage.
You shoot an arrow. The arrow hits Grinder.
Grinder is heavily wounded.
Grinder barely misses you.
You shoot an arrow. The arrow closely misses Grinder.
The arrow hits the ball python!
You kill the ball python!
Grinder hits you!
You writhe in agony.
You shoot an arrow. The arrow hits Grinder.
Grinder is heavily wounded.
Grinder hits you.
You shoot an arrow. The arrow hits Grinder.
Grinder is severely wounded.
Grinder hits you!
You writhe in agony.
You shoot an arrow. The arrow hits Grinder!
Grinder is almost dead.
Grinder barely misses you.
You shoot an arrow.
The arrow hits Grinder but does no damage.
Grinder is severely wounded.
Grinder hits you but does no damage.
You shoot an arrow. The arrow hits Grinder!
Grinder is almost dead.
Grinder gestures at you. Pain shoots through your body! Grinder hits you.
You writhe in agony.
You die...

#............##...##.
#...!........##.#####
##....>..............
#......~~~~~~~~~~~~~
#......~~~~~~~~~~~~~
#......~~#####......
##.....~~#g#.#.###.^
##.#..~~#...###g###
#@#..~~###g....g.g
#5#..~~.8#g######'
#....~~.# ##...~~.#
.^ #..~~.# #P P[ ..~
## #+ >.~~ . .. gg
.~~# ###.### .#.###.^


You could see Grinder.

Vanquished Creatures
  Jessica (D:2)
  Natasha (thrice) (D:3)
  2 adders
  3 worms (D:2)
  2 endoplasms
  3 giant cockroaches
  3 goblins
  3 hobgoblins
  2 jackals (D:1)
  5 kobolds
  A quokka (D:3)
  6 ball pythons
  2 frilled lizards
  5 rats
41 creatures vanquished.

Notes
Turn   | Place    | Note
-------+----------+-------------------------------------------
     0 | D:1      | qw the Naga Hunter began the quest for the Orb.
     0 | D:1      | Reached XP level 1. HP: 19/19 MP: 1/1
     0 | D:1      | 0 ||| qw: Version: 0.2-a-29-g7dc7884
     0 | D:1      | 0 ||| qw: Game counter: 4034
     0 | D:1      | 0 ||| qw: Always use a shield: true
     0 | D:1      | 0 ||| qw: God list: Okawaru
     0 | D:1      | 0 ||| qw: Allow faded altars: false
     0 | D:1      | 0 ||| qw: Do Orc after D:15 true
     0 | D:1      | 0 ||| qw: Do second Lair branch before Depths: true
     0 | D:1      | 0 ||| qw: Lair rune preference: random
     0 | D:1      | 0 ||| qw: Plans: Normal
     0 | D:1      | 0 ||| PLANNING D:1-11
    46 | D:1      | 46 ||| INVOKING Spit Poison.
    77 | D:1      | 77 ||| INVOKING Spit Poison.
   113 | D:1      | 113 ||| INVOKING Spit Poison.
   117 | D:1      | 117 ||| INVOKING Spit Poison.
   118 | D:1      | 118 ||| INVOKING Spit Poison.
   121 | D:1      | 121 ||| INVOKING Spit Poison.
   122 | D:1      | Reached skill level 4 in Ranged Weapons
   122 | D:1      | Reached XP level 2. HP: 21/26 MP: 2/2
   157 | D:1      | 157 ||| INVOKING Spit Poison.
   251 | D:1      | 251 ||| INVOKING Spit Poison.
   289 | D:1      | 289 ||| INVOKING Spit Poison.
   358 | D:1      | 358 ||| READING scroll labelled MIWOTIPP VISHRA.
   359 | D:1      | 359 ||| READING scroll labelled QAUL VIRHUQIEFUO.
   362 | D:1      | 362 ||| READING scroll labelled SETAPE JION.
   363 | D:1      | 363 ||| READING scroll labelled QEHELA MARIC.
   364 | D:1      | 364 ||| READING scroll labelled JOADOL EZUNEZXO.
   365 | D:1      | 365 ||| DRINKING 2 bubbling blue potions.
   470 | D:1      | 470 ||| DROPPING scroll of butterflies.
   471 | D:1      | 471 ||| DROPPING potion of berserk rage.
   476 | D:2      | 476 ||| INVOKING Spit Poison.
   503 | D:2      | 503 ||| INVOKING Spit Poison.
   541 | D:2      | Noticed Jessica
   544 | D:2      | 544 ||| INVOKING Spit Poison.
   545 | D:2      | Killed Jessica
   546 | D:2      | Reached XP level 3. HP: 32/32 MP: 3/3
   572 | D:2      | 572 ||| INVOKING Spit Poison.
   575 | D:2      | 575 ||| INVOKING Spit Poison.
   673 | D:2      | 673 ||| INVOKING Spit Poison.
   783 | D:2      | 783 ||| INVOKING Spit Poison.
   811 | D:2      | 811 ||| INVOKING Spit Poison.
   827 | D:2      | 827 ||| INVOKING Spit Poison.
   831 | D:2      | Reached skill level 5 in Ranged Weapons
   831 | D:2      | Reached XP level 4. HP: 39/39 MP: 4/4
   836 | D:2      | 836 ||| INVOKING Spit Poison.
   949 | D:2      | 949 ||| INVOKING Spit Poison.
   959 | D:2      | 959 ||| INVOKING Spit Poison.
   962 | D:2      | 962 ||| INVOKING Spit Poison.
  1086 | D:2      | 1086 ||| INVOKING Spit Poison.
  1101 | D:2      | 1101 ||| UPGRADING to +2 robe of positive energy.
  1111 | D:2      | 1111 ||| DROPPING +0 leather armour.
  1112 | D:2      | 1112 ||| READING scroll labelled VAKKEF BOMI.
  1172 | D:2      | 1172 ||| DRINKING 2 sapphire potions.
  1187 | D:2      | 1187 ||| READING 2 scrolls of identify.
  1187 | D:2      | 1187 ||| IDENTIFYING murky green potion
  1188 | D:2      | 1188 ||| DROPPING potion of lignification.
  1207 | D:3      | Found a transporter.
  1208 | D:3      | 1208 ||| INVOKING Spit Poison.
  1214 | D:3      | 1214 ||| INVOKING Spit Poison.
  1221 | D:3      | Found a transporter.
  1221 | D:3      | Identified the +4 halberd of Ypsacoyd {venom, rC+++ Dex+3
                  | SInv Stlth-}
  1239 | D:3      | 1239 ||| INVOKING Spit Poison.
  1246 | D:3      | 1246 ||| INVOKING Spit Poison.
  1257 | D:3      | Noticed Natasha
  1259 | D:3      | 1259 ||| INVOKING Spit Poison.
  1260 | D:3      | Killed Natasha
  1261 | D:3      | Reached skill level 3 in Fighting
  1284 | D:3      | 1284 ||| INVOKING Spit Poison.
  1342 | D:3      | 1342 ||| INVOKING Spit Poison.
  1348 | D:3      | 1348 ||| INVOKING Spit Poison.
  1354 | D:3      | Found a faded altar of an unknown god.
  1357 | D:3      | 1357 ||| INVOKING Spit Poison.
  1379 | D:3      | Noticed Natasha
  1382 | D:3      | 1382 ||| INVOKING Spit Poison.
  1388 | D:3      | 1388 ||| INVOKING Spit Poison.
  1390 | D:3      | HP: 9/42 [Natasha (7)]
  1390 | D:3      | HP: 4/42 [cerulean imp/+1 spear[Natasha] (5)]
  1391 | D:3      | 1391 ||| DRINKING potion of heal wounds.
  1392 | D:3      | 1392 ||| INVOKING Spit Poison.
  1395 | D:3      | Killed Natasha
  1396 | D:3      | Reached XP level 5. HP: 5/49 MP: 5/5
  1542 | D:3      | Noticed Natasha
  1550 | D:3      | 1550 ||| FLEEEEING.
  1628 | D:3      | Killed Natasha
  1653 | D:3      | 1653 ||| INVOKING Spit Poison.
  1656 | D:3      | 1656 ||| INVOKING Spit Poison.
  1683 | D:3      | 1683 ||| INVOKING Spit Poison.
  1716 | D:3      | Noticed Grinder
  1720 | D:3      | Paralysed by Grinder for 2 turns
  1730 | D:3      | HP: 12/49 [Grinder (8)]
  1733 | D:3      | HP: 2/49 [Grinder (6)]
  1733 | D:3      | Slain by Grinder

Levels and vault maps discovered:
D:1:      lightli_arrival_lavapool, layout_basic
D:2:      layout_basic, uniq_jessica
D:3:      layout_rooms, ebering_ecumenical_altar_sacrificial,
          gammafunk_ghost_gnarly_gnolls, chequers_garden, uniq_grinder,
          uniq_natasha

Skill      XL: |  1  2  3  4 |
---------------+-------------+-----
Ranged Weapons | 4 5 |  5.5
Fighting       | 3 |  3.0
Dodging        | |  1.5
Stealth        | |  1.5

Action                     |  1- 3 |  4- 6 || total
---------------------------+-------+-------++-------
   Fire: Shortbow          |    40 |    88 ||   128
Ability: Spit Poison       |    17 |    20 ||    37
    Use: Scroll            |     5 |     2 ||     7
         Potion            |     1 |     2 ||     3
 Armour: Leather armour    |     3 |       ||     3
         Robe              |       |    15 ||    15
  Dodge: Dodged            |     6 |    20 ||    26

Table legend:
 A = Non-vault XP
 B = Vault XP
 C = Vault XP percentage of total XP
 D = Non-vault monster count
 E = Vault monster count
 F = Vault count percentage of total count
                 A         B        C        D         E       F
            +---------+---------+-------+---------+---------+-------
      Total |     164 |      72 |  30.5 |      39 |       2 |   4.9
            +---------+---------+-------+---------+---------+-------
        D:1 |      18 |       0 |   0.0 |      11 |       0 |   0.0
        D:2 |      44 |      37 |  45.7 |      14 |       1 |   6.7
        D:3 |     102 |      35 |  25.5 |      14 |       1 |   6.7
            +---------+---------+-------+---------+---------+-------
